 Dungeon Crawl Stone Soup version 0.17-a0-1504-gb7d9117 (webtiles) character file.

187 amnekian the Cutter (level 5, -1/38 HPs)
             Began as a Human Skald on July 8, 2015.
             Killed from afar by an orc wizard (5 damage)
             ... with a magic dart
             ... on level 4 of the Dungeon.
             The game lasted 00:16:43 (5797 turns).

amnekian the Cutter (Human Skald)                   Turns: 5797, Time: 00:16:43

Health: -1/38      AC:  7    Str: 14    XL:     5   Next: 99%
Magic:  8/8        EV:  6    Int: 12    God:
Gold:   97         SH:  8    Dex: 14    Spells: 1 memorised, 7 levels left

rFire  . . .     SeeInvis .     a - +1 short sword
rCold  . . .     Clarity  .     z - +0 scale mail
rNeg   . . .     SustAt   .     q - +1 shield
rPois  .         Gourm    .     y - +0 helmet
rElec  .         Spirit   .     (no cloak)
rCorr  .         Warding  .     (no gloves)
rMut   .         Stasis   .     (no boots)
MR     +....                    (no amulet)
Stlth  ..........               t - ring of protection from magic
                                m - +2 ring of strength

@: somewhat resistant to hostile enchantments, extremely unstealthy
A: no striking features
a: no special abilities


You were on level 4 of the Dungeon.
You were not hungry.

You visited 1 branch of the dungeon, and saw 4 of its levels.

You collected 97 gold pieces.

Inventory:

Hand weapons
 a - a +1 short sword (weapon)
 b - a +0 hunting sling
Missiles
 e - 11 tomahawks (quivered)
 f - 213 stones
 i - 38 sling bullets
 k - 12 poisoned needles
Armour
 q - a +1 shield (worn)
 x - a +0 chain mail
 y - a +0 helmet (worn)
 z - a +0 scale mail (worn)
 A - a +0 plate armour
Jewellery
 m - a +2 ring of strength (left hand)
 t - a ring of protection from magic (right hand)
Scrolls
 g - a scroll of remove curse
 h - a scroll of enchant armour
 o - a scroll of magic mapping {unknown}
Potions
 l - a potion of agility {unknown}
 p - 2 potions of mutation
 r - a potion of might {unknown}
 u - a potion of flight {unknown}
 v - a potion of heal wounds {unknown}
 w - 3 potions of degeneration {unknown}
 C - a potion of curing {unknown}
 D - 2 potions of magic {unknown}
Books
 c - a book of Battle

   Spells                             Type                      Level
   a - Infusion                       Charms                       1
   b - Shroud of Golubria             Charms/Translocation         2
   c - Song of Slaying                Charms                       2
   d - Spectral Weapon                Hexes/Charms                 3
   e - Regeneration                   Charms/Necromancy            3
Comestibles
 d - a bread ration
 j - 3 beef jerkies
 n - 11 fruits
 s - a meat ration
 B - 3 chunks of flesh


   Skills:
 - Level 2.0 Fighting
 + Level 5.7 Short Blades
 - Level 1.0 Armour
 - Level 1.0 Dodging
 - Level 2.0 Spellcasting
 - Level 3.0 Charms


You had 7 spell levels left.
You knew the following spells:

 Your Spells              Type           Power        Failure   Level  Hunger
a - Infusion              Chrm           #.....       99%         1    ##.....


Dungeon Overview and Level Annotations

Branches:
Dungeon (4/15)
 Temple: D:4-7

Altars:
Kikubaaqudgha
Nemelex Xobeh
Ru


Message History

* * * LOW HITPOINT WARNING * * *
An orc and a skeleton come into view.
The orc shouts!
You hit the orc wizard.
The orc wizard is moderately wounded.
The orc wizard hits you with a dagger.
* * * LOW HITPOINT WARNING * * *
You block the orc's attack.
You completely miss the orc wizard.
The orc wizard is moderately wounded.
The orc wizard hits you but does no damage.
You closely miss the orc wizard.
The orc wizard is moderately wounded.
The orc closely misses you. The orc wizard barely misses you.
You barely miss the orc wizard.
The orc wizard is moderately wounded.
You block the orc's attack. The orc wizard casts a spell at you.
The magic dart hits you!
You die...

#. .#######. .## #### # .##
....##.######.###....## .#
#.#####.................###.#
..###..#.#>....................##
....#...##..†....................
.......###......................[
#.....#..#.......................
##...###..#......................
##.## ##......o@................
##.## ##..#...oo...............
...# #.###..o................
...# ##.###.........<...<.....
##.# ##...###.o.Z..............
#.#####.....###.................
##...............................
#...####..####...................
.....# ##.## ##..................


You could see an orc wizard, 4 orcs and a jackal skeleton.

Vanquished Creatures
  A worker ant (D:4)
  6 adders
  2 oozes
  2 worms (D:3)
  12 orcs
  A ball python (D:1)
  7 giant cockroaches
  13 goblins
  5 hobgoblins
  6 jackals (D:2)
  4 kobolds
  7 bats
  5 giant geckos
  3 giant newts
  13 rats
87 creatures vanquished.

Notes
Turn   | Place    | Note
--------------------------------------------------------------
     0 | D:1      | amnekian the Human Skald began the quest for the Orb.
     0 | D:1      | Reached XP level 1. HP: 16/16 MP: 3/3
   404 | D:1      | Reached XP level 2. HP: 6/22 MP: 5/5
  1026 | D:1      | Reached XP level 3. HP: 25/27 MP: 6/6
  2259 | D:2      | Reached skill level 4 in Short Blades
  2259 | D:2      | Reached XP level 4. HP: 20/33 MP: 1/7
  2996 | D:2      | Found a sparkling altar of Nemelex Xobeh.
  2996 | D:2      | Found an ancient bone altar of Kikubaaqudgha.
  3502 | D:3      | Reached XP level 5. HP: 29/38 MP: 8/8
  4247 | D:3      | Reached skill level 5 in Short Blades
  4667 | D:3      | Found a sacrificial altar of Ru.
  5797 | D:4      | Killed from afar by an orc wizard

Vault maps used:
D:1:      onia_arrival_handbag
D:2:      gammafunk_temple_overflow_elements
D:3:      nicolae_ru_awakened_eye
D:4:      first_bread

Action                   |  1- 3 |  4- 6 || total
-------------------------+-------+-------++-------
Melee: Short sword       |   141 |   238 ||   379
 Fire: Hunting sling     |       |     6 ||     6
Throw: Stone             |     3 |     1 ||     4
       Tomahawk          |       |     1 ||     1
 Cast: Infusion          |     6 |     5 ||    11
  Use: Scroll            |       |     7 ||     7
 Stab: Sleeping          |     1 |     1 ||     2
  Eat: Chunk             |     4 |    12 ||    16
